 Dungeon Crawl Stone Soup version 0.29-a0-1061-gbc57f8fbdb (webtiles) character file.

Game seed: 18223690028563210239

9 BritishOli the Trooper (level 2, 24/24 HPs)
             Began as a Demonspawn Fighter on Aug 18, 2022.
             Got out of the dungeon alive.
             The game lasted 00:00:21 (312 turns).

BritishOli the Trooper (Demonspawn Fighter)          Turns: 312, Time: 00:00:22

Health: 24/24      AC:  6    Str: 16    XL:     2   Next: 3%
Magic:  2/2        EV:  8    Int:  9    God:
Gold:   41         SH:  4    Dex: 12    Spells: 1/1 levels left

rFire   . . .      SeeInvis .   a - +0 long sword
rCold   . . .      Faith    .   c - +0 buckler
rNeg    . . .      Spirit   .   b - +0 scale mail
rPois   .          Reflect  .   (no helmet)
rElec   .          Harm     .   (no cloak)
rCorr   .          Rampage  .   (no gloves)
Will    .....                   (no boots)
Stlth   ..........              (no amulet)
HPRegen 0.08/turn               (no ring)
MPRegen 0.16/turn               (no ring)

@: no status effects
A: magic regeneration
a: no special abilities


You escaped.
You visited 1 branch of the dungeon, and saw 1 of its levels.

You collected 41 gold pieces.

Inventory:

Hand Weapons
 a - a +0 long sword (weapon)
Armour
 b - a +0 scale mail (worn)
 c - a +0 buckler (worn)
Scrolls
 f - a scroll of poison {unknown}
 g - a scroll of teleportation {unknown}
 h - a scroll of torment {unknown}
Potions
 d - a potion of might
 e - a potion of curing {unknown}


   Skills:
 + Level 3.1 Fighting
 + Level 2.0 Long Blades
 + Level 2.8 Armour
 + Level 2.8 Shields


You had one spell level left.
You didn't know any spells.
Your spell library was empty.

Dungeon Overview and Level Annotations

Branches:
Dungeon (1/15)

Altars:


Innate Abilities, Weirdness & Mutations

You regenerate magic rapidly.


Message History

You kill the kobold!
Your Long Blades skill increases to level 2!
Key pressed, stopping explore.
No target in view!
No target in view!
An endoplasm and a frilled lizard come into view.
Found a stone staircase leading down.
The endoplasm quivers.
The frilled lizard hisses angrily.
There are monsters nearby!
There are monsters nearby!
You closely miss the frilled lizard. The frilled lizard barely misses you.
The endoplasm freezes you.
You are frozen.
There are monsters nearby!
You hit the frilled lizard.
The frilled lizard is heavily wounded.
The frilled lizard barely misses you.
The endoplasm hits you but does no damage.
There are monsters nearby!
You hit the frilled lizard.
You kill the frilled lizard!
You block the endoplasm's attack. The endoplasm barely misses you.
An endoplasm is nearby!
You barely miss the endoplasm. You block the endoplasm's attack.
An endoplasm is nearby!
You slash the endoplasm!
You kill the endoplasm!
You have reached level 2!
Your demonic ancestry asserts itself...
Your magic begins to regenerate rapidly.
You now have 41 gold pieces (gained 12).
h - a scroll labelled OPHAUSHR TIANO You see here a +0 dagger.
You enter the shallow water.
Moving in this stuff is going to be slow.
The goblin shouts!
There is a staircase leading out of the dungeon here.
Are you sure you want to leave the Dungeon?
This will make you lose the game!
You have escaped!

........## ...####~≈≈≈≈≈≈≈##
....#.#.|# #..#≈≈≈≈≈~~~≈≈≈≈#
....#.##.# ##~≈~≈≈≈≈≈~.~≈≈≈~#
....#.>..###≈≈≈≈≈≈≈≈~.©.~g≈≈###
)..........≈≈≈≈≈≈≈≈≈~♣>..≈.~...
...####....~≈≈≈~~≈≈≈g.©.~≈≈..##
....# ##.#.~≈≈≈~.~~≈≈~.~≈≈≈≈##
....# #.#..≈≈~.©.~≈≈≈~≈≈≈≈≈#
....####.##≈.≈..@♣~≈≈≈≈≈≈≈≈≈#
....##.....~≈.~.©.~≈≈≈≈≈≈≈~##
.......#.##~≈≈≈~.~~≈≈≈≈~≈~##
...#.....##~≈≈≈~~~≈≈≈≈~####
..##.##.....≈≈≈≈≈≈≈~####
###..##..........)..######
..)..##...................
.....###................##
.....# #............#####


You could see a goblin.

Vanquished Creatures
  3 ball pythons (D:1)
  2 endoplasms (D:1)
  A bat (D:1)
  A frilled lizard (D:1)
  2 kobolds (D:1)
9 creatures vanquished.

Notes
Turn   | Place    | Note
-------+----------+-------------------------------------------
     0 | D:1      | BritishOli the Demonspawn Fighter began the quest for the
                  | Orb.
     0 | D:1      | Reached XP level 1. HP: 18/18 MP: 1/1
   254 | D:1      | Gained mutation: You regenerate magic rapidly. [demonic
                  | ancestry]
   254 | D:1      | Reached XP level 2. HP: 22/24 MP: 2/2
   312 | D:$      | Got out of the dungeon alive.

Illustrated notes

Levels and vault maps discovered:
D:1:      spicycebolla_arrival_transporter_tutorial, layout_rooms,
          shapermc_ecumenical_altar_flowoftime

Skill      XL: |  1 |
---------------+----+-----
Long Blades    | 2 |  2.0
Fighting       | |  3.1
Armour         | |  2.8
Shields        | |  2.8

Action                   || total
-------------------------++-------
Melee: Long sword        ||    23
Armor: Scale mail        ||    16
Dodge: Dodged            ||    11
Block: Buckler           ||     9

Table legend: (Time is in decaauts)
 A = Elapsed time spent in this place.
 B = Non-inter-level travel time spent in this place.
 C = Inter-level travel time spent in this place.
 D = Time resting spent in this place.
 E = Time spent auto-exploring this place.
 F = Levels seen in this place.
 G = Mean time per level.
                   A        B        C        D        E       F      G
               +--------+--------+--------+--------+--------+-----+--------+
         Total |    325 |    285 |     40 |      0 |    220 |   1 |  325.0 |
       Dungeon |    325 |    285 |     40 |      0 |    220 |   1 |  325.0 |
               +--------+--------+--------+--------+--------+-----+--------+

Top non-repeatable levels by time:
     D:1: 325 daAuts
